Map: Acid Plant LE

Players

Elazer - Winner!

  • Race: Zerg Zerg
  • Spawn Location: 5:00

Namshar

  • Race: Zerg Zerg
  • Spawn Location: 11:00

Event: WCS Austin 2018

VOD

Have the link to the VOD?

Description

Time

  • Played on: June 1, 2018, 6:44 p.m.
  • Length: 5:05

All games in this series

Show
View Real Time Build Order
Export as new Build Order

Elazer Zerg - Winner!

Build Orders: Hatch First 

Get SALT Encoding   

  12  0:01  Drone  
  13  0:13  Overlord  
  13  0:16  Drone  
  14  0:31  Drone x2  
  16  0:47  Hatchery  
  15  0:51  Drone  
  15  0:55  Drone  
  17  0:58  Drone  
  18  1:08  Extractor  
  17  1:13  Spawning Pool  
  17  1:16  Drone  
  17  1:20  Drone  
  18  1:28  Drone  
  19  1:39  Drone  
  20  1:50  Overlord  
  20  2:00  Drone x2, Queen x2  
  26  2:08  Metabolic Boost  
  26  2:13  Drone, Zergling x2  
  28  2:21  Drone  
  30  2:22  Drone  
  30  2:32  Drone x2  
  32  2:42  Hatchery  
  31  2:44  Baneling Nest  
  31  2:48  Overlord  
  31  2:50  Drone  
  31  2:53  Drone  
  31  2:55  Drone  
  33  3:05  Overlord  
  33  3:11  Zergling x2  
  33  3:12  Zergling x8  
  38  3:15  Zergling x4  
  41  3:20  Zergling x2  
  41  3:23  Zergling x2  
  42  3:29  Baneling x2  
  42  3:32  Baneling x2  
  42  3:35  Baneling  
  42  3:37  Overlord, Zergling x2  
  43  3:44  Zergling x12  
  48  3:56  Zergling x8  
  48  3:57  Baneling x2  
  48  4:00  Zergling x2  
  53  4:06  Overlord  
  53  4:07  Drone  
  53  4:08  Queen  
  56  4:11  Drone  
  57  4:17  Drone  
  57  4:21  Drone x4  
  57  4:23  Drone  
  61  4:26  Drone x2  
  61  4:30  Drone  
  59  4:36  Drone  
  59  4:37  Roach Warren  
  57  4:41  Overlord  
  57  4:43  Drone  
Show
View Real Time Build Order
Export as new Build Order

Namshar Zerg 

Build Orders: Hatch First 

Get SALT Encoding   

  12  0:00  Drone  
  13  0:12  Overlord  
  13  0:16  Drone  
  14  0:30  Drone x2  
  14  0:34  Drone  
  17  0:51  Hatchery  
  17  0:53  Drone  
  17  0:57  Drone  
  18  1:02  Extractor  
  17  1:12  Spawning Pool  
  17  1:15  Drone  
  17  1:18  Drone  
  18  1:27  Drone  
  19  1:40  Overlord  
  19  1:49  Drone  
  20  1:58  Queen  
  22  2:01  Metabolic Boost  
  22  2:03  Drone x2  
  22  2:04  Queen  
  26  2:11  Drone  
  26  2:13  Drone  
  28  2:21  Drone  
  29  2:25  Drone  
  30  2:36  Drone  
  31  2:37  Hatchery  
  31  2:41  Queen  
  32  2:46  Overlord  
  32  2:54  Overlord  
  32  2:57  Zergling x6  
  35  3:06  Zergling x2  
  36  3:14  Zergling x4  
  36  3:15  Zergling x4  
  36  3:18  Roach Warren  
  39  3:22  Drone  
  39  3:23  Zergling x2  
  39  3:24  Zergling x4  
  39  3:25  Drone  
  44  3:37  Drone  
  45  3:43  Zergling x2  
  47  3:48  Zergling x4  
  47  3:58  Roach  
  47  3:59  Roach x2  
  53  4:05  Roach x3  
  53  4:06  Overlord x2  
  42  4:31  Roach x3  
  42  4:32  Zergling x20  
  42  4:35  Roach  
  50  4:40  Zergling x4  
  50  4:45  Roach, Zergling x2  
Tags
 
Add a new tag
Caveats
  • Supply blocks, unpowered buildings, or Contaminate may cause inaccurate times.
  • Supply counts are checked every 10 seconds.